 Dungeon Crawl Stone Soup version 0.30-a0-1103-g25895a7845 (webtiles) character file.

Game seed: 2330244016448844691

15 retardedninja the Firebug (level 2, -3/20 HPs)
             Began as a Gnoll Fire Elementalist on Apr 18, 2023.
             Slain by Terence
             ... wielding a +0 short sword
              (7 damage)
             ... on level 2 of the Dungeon.
             The game lasted 00:01:13 (952 turns).

retardedninja the Firebug (Gnoll Fire Elementalist)  Turns: 952, Time: 00:01:14

Health: -3/20      AC:  2    Str:  7    XL:     2   Next: 50%
Magic:  7/7        EV: 13    Int: 14    God:
Gold:   67         SH:  0    Dex: 12    Spells: 9/10 levels left

rFire   . . .      SeeInvis .    (no weapon)
rCold   . . .      Faith    .    (no shield)
rNeg    . . .      Spirit   .    h - +0 robe
rPois   .          Reflect  .    (no helmet)
rElec   .          Rampage  .    (no cloak)
rCorr   .                        (no gloves)
Will    .....                    (no boots)
Stlth   ++                       (no amulet)
HPRegen 0.23/turn                (no ring)
MPRegen 0.10/turn                (no ring)

@: no status effects
A: fangs 1, strong nose, distributed training
a: no special abilities


You were on level 2 of the Dungeon.
You visited 1 branch of the dungeon, and saw 2 of its levels.

You collected 67 gold pieces.

Inventory:

Hand Weapons
 a - a +3 mace of holy wrath
Armour
 h - a +0 robe (worn)
 j - a +0 cloak
Scrolls
 c - a scroll of teleportation {unknown}
 d - 2 scrolls of identify {unknown}
 g - a scroll of amnesia {unknown}
 i - a scroll of enchant armour {unknown}
Potions
 e - a potion of might {unknown}
 f - 2 potions of lignification {unknown}


   Skills:
 + Level 0.5 Fighting
 + Level 0.5 Short Blades
 + Level 0.5 Long Blades
 + Level 0.5 Axes
 + Level 0.5 Maces & Flails
 + Level 0.5 Polearms
 + Level 0.5 Staves
 + Level 0.5 Ranged Weapons
 + Level 0.5 Throwing
 + Level 0.5 Armour
 + Level 4.5 Dodging
 + Level 4.1 Stealth
 + Level 0.5 Shields
 + Level 0.5 Unarmed Combat
 + Level 4.9 Spellcasting
 + Level 2.0 Conjurations
 + Level 0.3 Hexes
 + Level 0.3 Summonings
 + Level 0.3 Necromancy
 + Level 0.3 Translocations
 + Level 0.3 Transmutations
 + Level 5.3 Fire Magic
 + Level 0.3 Ice Magic
 + Level 0.3 Air Magic
 + Level 0.3 Earth Magic
 + Level 0.3 Poison Magic
 + Level 0.6 Invocations
 + Level 0.5 Evocations


You had 9 spell levels left.
You knew the following spells:

 Your Spells              Type           Power      Damage    Failure   Level
a - Foxfire               Conj/Fire      52%        2x1d6     3%          1

Your spell library contained the following spells:

 Spells                   Type           Power      Damage    Failure   Level
 Scorch                   Fire           36%        2d7       3%          2
 Necrotise                Necr           16%        1d4       16%         1
 Inner Flame              Hex/Fire       11%        N/A       16%         3
 Volatile Blastmotes      Fire/Tloc      22%        2d11      16%         3
 Flame Wave               Conj/Fire      13%        2d6       36%         4
 Ozocubu's Armour         Ice            4%         N/A       41%         3
 Vampiric Draining        Necr           4%         2d6       41%         3
 Vhi's Electric Charge    Tloc/Air       8%         N/A       41%         3
 Arcjolt                  Conj/Air       3%         1d13      96%         5
 Agony                    Necr           4%         N/A       99%         5
 Ozocubu's Refrigeration  Ice            2%         4d7       100%        7
 Maxwell's Capacitive Co  Air            2%         ∞         100%        8


Dungeon Overview and Level Annotations

Branches:
Dungeon (2/15)

Altars:

Annotations:
D:2 Terence


Innate Abilities, Weirdness & Mutations

You have very sharp teeth.
Your uncanny sense of smell can sniff out nearby items.
Your experience applies equally to all skills.


Message History

The foxfire hits Terence but does no damage.
Terence is lightly wounded.
Terence closely misses you.
You conjure some foxfire!
Terence misses you.
The foxfire hits Terence.
Terence is moderately wounded.
The foxfire hits Terence but does no damage.
Terence is moderately wounded.
Terence hits you with a +0 short sword.
You conjure some foxfire!
Terence hits you with a +0 short sword.
The foxfire hits Terence but does no damage.
Terence is moderately wounded.
The foxfire hits Terence but does no damage.
Terence is moderately wounded.
Terence hits you with a +0 short sword!
You are too injured to fight recklessly!
Terence barely misses you.
You are too injured to fight recklessly!
Terence barely misses you.
You are too injured to fight recklessly!
Terence closely misses you.
Casting: Foxfire (safe; 3% risk of failure)
Press: ? - help, Q - select action Dir - look around, f - activate You conjure some foxfire!
Terence barely misses you.
The foxfire hits Terence.
Terence is heavily wounded.
The foxfire hits Terence but does no damage.
Terence is heavily wounded.
Casting: Foxfire (safe; 3% risk of failure)
Press: ? - help, Q - select action Dir - look around, f - activate You conjure some foxfire!
Terence hits you with a +0 short sword.
* * * LOW HITPOINT WARNING * * *
Your foxfire dissipates!
Terence attacks as you move away! Terence hits you with a +0 short sword.
* * * LOW HITPOINT WARNING * * *
Terence attacks as you move away! Terence misses you.
Magic courses through your body. Terence hits you with a +0 short sword!
You die...

∆ ####
#..##############.#.
#.......@@..<.....<.
#.###############...
#. .. .#. ∆ #.#. >
.. .. ..


You could see Terence.

Vanquished Creatures
  2 giant cockroaches (D:1)
  2 goblins (D:1)
  A quokka (D:1)
  5 ball pythons (D:1)
  A bat (D:1)
  2 frilled lizards (D:1)
  A kobold (D:1)
  A rat (D:1)
15 creatures vanquished.

Vanquished Creatures (others)
  77 foxfires
77 creatures vanquished.

Grand Total: 92 creatures vanquished

Notes
Turn   | Place    | Note
-------+----------+-------------------------------------------
     0 | D:1      | retardedninja the Gnoll Fire Elementalist began the quest
                  | for the Orb.
     0 | D:1      | Reached XP level 1. HP: 13/13 MP: 6/6
   311 | D:1      | Reached XP level 2. HP: 19/19 MP: 5/7
   923 | D:2      | Noticed Terence
   952 | D:2      | Slain by Terence

Illustrated notes

Levels and vault maps discovered:
D:1:      amcnicky_arrival_underground_garden, layout_basic
D:2:      layout_loops_ring, basic_altar, uniq_terence

Skill      XL: |  1 |
---------------+----+-----
Conjurations   | 2 |  2.0
Fighting       | |  0.5
Short Blades   | |  0.5
Long Blades    | |  0.5
Axes           | |  0.5
Maces & Flails | |  0.5
Polearms       | |  0.5
Staves         | |  0.5
Ranged Weapons | |  0.5
Throwing       | |  0.5
Armour         | |  0.5
Dodging        | |  4.5
Stealth        | |  4.1
Shields        | |  0.5
Unarmed Combat | |  0.5
Spellcasting   | |  4.9
Hexes          | |  0.3
Summonings     | |  0.3
Necromancy     | |  0.3
Translocations | |  0.3
Transmutations | |  0.3
Fire Magic     | |  5.3
Ice Magic      | |  0.3
Air Magic      | |  0.3
Earth Magic    | |  0.3
Poison Magic   | |  0.3
Invocations    | |  0.6
Evocations     | |  0.5

Action                     || total
---------------------------++-------
   Cast: Foxfire           ||    46
    Use: Potion            ||     1
 Armour: Robe              ||     4
  Dodge: Dodged            ||    11

Table legend: (Time is in decaauts)
 A = Elapsed time spent in this place.
 B = Non-inter-level travel time spent in this place.
 C = Inter-level travel time spent in this place.
 D = Time resting spent in this place.
 E = Time spent auto-exploring this place.
 F = Levels seen in this place.
 G = Mean time per level.
                   A        B        C        D        E       F      G
               +--------+--------+--------+--------+--------+-----+--------+
         Total |    951 |    948 |      3 |      0 |    768 |   2 |  475.5 |
       Dungeon |    951 |    948 |      3 |      0 |    768 |   2 |  475.5 |
               +--------+--------+--------+--------+--------+-----+--------+

Top non-repeatable levels by time:
     D:1: 912 daAuts
     D:2: 39 daAuts
